 Dungeon Crawl Stone Soup version 0.20.1-1-g8b1a95d (console) character file.

889 hilaritas the Gouger (level 7, -2/33 HPs)
             Began as a Felid Berserker on Oct 15, 2017.
             Was a Priest of Trog.
             Killed from afar by an electric eel (9 damage)
             ... with a bolt of electricity
             ... on level 6 of the Dungeon.
             The game lasted 00:12:35 (5115 turns).

hilaritas the Gouger (Felid Berserker)              Turns: 5115, Time: 00:12:37

Health: -2/33      AC:  2    Str: 15    XL:     7   Next: 77%
Magic:  8/8        EV: 21    Int:  9    God:    Trog [***...]
Gold:   218        SH:  0    Dex: 15    Spells: 6/6 levels left
                                        Lives:  0   Deaths: 2

rFire    . . .     SeeInvis +     - Unarmed
rCold    . . .     Gourm    .   (shield unavailable)
rNeg     . . .     Faith    .   (armour unavailable)
rPois    .         Spirit   .   (helmet unavailable)
rElec    .         Reflect  .   (cloak unavailable)
rCorr    .         Harm     .   (gloves unavailable)
MR       +++..                  (boots unavailable)
Stlth    ++++......             m - amulet of regeneration
Regen    1.6/turn               (no ring)
MPRegen  0.2/turn               (no ring)

@: regenerating, quick
A: no armour, no weapons or thrown items, stealth, claws 1, fangs 3, see
invisible, carnivore 3, speed 1, shaggy fur 2, slow metabolism 1, sharp paws
a: Berserk, Trog's Hand, Burn Spellbooks, Renounce Religion


You were on level 6 of the Dungeon.
You worshipped Trog.
Trog was most pleased with you.
You were very full.

You visited 1 branch of the dungeon, and saw 6 of its levels.
You also visited: Sewer.

You collected 218 gold pieces.

Inventory:

Jewellery
 m - an amulet of regeneration (around neck)
 t - the ring "Ixevet" {*Slow Str-2 Dex+4 SInv Stlth+}
   (You found it on level 4 of the Dungeon)

   [ring of strength]

   It affects your strength (-2).
   It affects your dexterity (+4).
   It lets you see invisible.
   It may slow you when you take damage.
   It makes you more stealthy.
Wands
 e - a wand of polymorph (18/24)
 o - a wand of disintegration (15/24)
 v - a wand of enslavement (17/24)
 w - a wand of polymorph (3/24)
Scrolls
 g - a scroll of blinking
 i - a scroll of recharging
 l - 5 scrolls of identify
 n - a scroll of fog
 s - a scroll of teleportation
Potions
 b - a potion of haste {unknown}
 c - a potion of invisibility {unknown}
 d - 7 potions of curing
 f - a potion of magic {unknown}
 j - 3 potions of heal wounds {unknown}
 k - 3 potions of might {unknown}
 p - 2 potions of ambrosia {unknown}
 q - a potion of lignification {unknown}
 r - a potion of degeneration {unknown}
 u - a potion of mutation {unknown}
 x - a potion of resistance {unknown}
Books
 y - a book of Changes

   Spells                             Type                      Level
   a - Beastly Appendage              Transmutation                1
   b - Sticks to Snakes               Transmutation                2
   c - Spider Form                    Transmutation/Poison         3
   d - Ice Form                       Ice/Transmutation            4
   e - Blade Hands                    Transmutation                5
   Trog disapproves of the use of such an item.
Comestibles
 a - 6 meat rations
 h - a royal jelly


   Skills:
 * Level 4.7 Fighting
 + Level 5.8 Dodging
 + Level 8.0 Stealth
 - Level 10.0 Unarmed Combat


You had 6 spell levels left.
You didn't know any spells.

Dungeon Overview and Level Annotations

Branches:
Dungeon (6/15)
 Temple: D:4-7

Altars:
Nemelex Xobeh
Ru


Innate Abilities, Weirdness & Mutations

You cannot wear armour.
You are incapable of wielding weapons or throwing items.
Your paws allow you to move quietly. (Stealth)
You have sharp claws.
You have razor-sharp teeth.
You have supernaturally acute eyesight. (SInv)
You are carnivorous and can eat meat at any time.
You cover ground quickly.
You are covered in thick fur. (AC +2)
You have a slow metabolism.
Your sharp claws are effective at attacking unaware monsters.


Message History

The electric eel shoots out a bolt of lightning at you!
The bolt of electricity hits the quokka.
The quokka dies!
The bolt of electricity hits you! The bolt of electricity misses you.
Your skin crawls.
You feel resistant to hostile enchantments.
You feel somewhat less full.
You can no longer call in reinforcements.
The electric eel shoots out a bolt of lightning at you!
The bolt of electricity misses you. The bolt of electricity hits you!
* * * LOW HITPOINT WARNING * * *
You feel better.
The electric eel shoots out a bolt of lightning at you!
The bolt of electricity hits you!
* * * LOW HITPOINT WARNING * * *
The bolt of electricity misses you.
You see here a quokka corpse.
The electric eel shoots out a bolt of lightning at you!
The bolt of electricity hits you!
You die...

##.#.# ##.#..## ##.......##
##....#######.###..##.#.........#
.............## ##... +.........'
##....#######.###..####.........#
##.#..# ##.#..## ##.......##
####.# ##.# ##.....## #.# #.#
##...## #.# #.# ##+## #.# #.# #†#
###.###### #### #.# #...@....#
...# #.######.#†####.#
...###...............#
.≈....†.P.≈..≈..###### #
≈P.≈≈;.≈PPP≈≈≈≈≈≈ ##
≈≈≈≈≈≈PP≈≈≈;≈≈≈≈≈ #####.
≈≈≈≈≈≈≈≈≈≈≈≈≈≈≈≈≈≈ #.....
≈≈≈≈.P≈≈≈≈P≈≈≈...# #####.
≈≈.≈.≈≈.≈..≈P...≈≈ ##
≈............. # ...#..#######.


You could see an electric eel.

Vanquished Creatures
  A troll (D:4)
  Grinder (D:5)
  A phantom (D:6)
  2 ice beasts (D:5)
  An ogre (D:5)
  2 centaurs (D:5)
  5 big kobolds (Sewer)
  3 scorpions
  5 killer bees (D:5)
  A crimson imp (D:5)
  A bullfrog zombie (D:5)
  An orc priest (D:6)
  Terence (D:2)
  7 worker ants
  13 adders
  7 gnolls (D:2)
  A river rat (Sewer)
  6 oozes
  An adder skeleton (D:6)
  10 worms
  A dart slug (D:3)
  7 leopard geckos
  5 orcs
  4 ball pythons (Sewer)
  6 giant cockroaches
  9 goblins
  7 hobgoblins
  10 jackals
  5 quokkas
  A ball python skeleton (D:4)
  6 bats
  3 frilled lizards
  10 kobolds
  A quokka skeleton (D:3)
  7 rats
152 creatures vanquished.

Vanquished Creatures (others)
  2 quokkas (D:6)
  A frilled lizard (D:2)
3 creatures vanquished.

Grand Total: 155 creatures vanquished

Notes
Turn   | Place    | Note
-------+----------+-------------------------------------------
     0 | D:1      | hilaritas the Felid Berserker began the quest for the Orb.
     0 | D:1      | Reached XP level 1. HP: 10/10 MP: 2/2
   279 | D:1      | Reached skill level 1 in Stealth
   282 | D:1      | Reached XP level 2. HP: 9/14 MP: 3/3
   931 | D:2      | Reached ** piety under Trog
  1062 | D:2      | Reached skill level 4 in Unarmed Combat
  1062 | D:2      | Reached XP level 3. HP: 17/17 MP: 4/4
  1085 | D:2      | Noticed Terence
  1100 | D:2      | Killed Terence
  1157 | D:2      | Reached XP level 4. HP: 21/21 MP: 5/5
  1407 | D:2      | Reached skill level 5 in Unarmed Combat
  1726 | D:2      | Reached XP level 5. HP: 24/24 MP: 6/6
  2257 | D:3      | Reached *** piety under Trog
  2290 | D:3      | Found a glowing drain.
  2304 | Sewer    | Entered a sewer
  2432 | Sewer    | Reached skill level 6 in Unarmed Combat
  2477 | Sewer    | Gained mutation: You are covered in thick fur. (AC +2) [Felid growth]
  2477 | Sewer    | Reached XP level 6. HP: 26/28 MP: 7/7
  2579 | Sewer    | Reached skill level 7 in Unarmed Combat
  2584 | Sewer    | Reached XP level 7. HP: 31/31 MP: 8/8
  2959 | D:3      | Found a sparkling altar of Nemelex Xobeh.
  3183 | D:4      | Reached skill level 8 in Unarmed Combat
  3850 | D:4      | Got a clouded jade ring
  3851 | D:4      | Identified the cursed ring "Ixevet" {*Slow Str-2 Dex+4 SInv Stlth+} (You found it on level 4 of the Dungeon)
  3878 | D:4      | Noticed a troll
  3882 | D:4      | Killed a troll
  3882 | D:4      | Reached skill level 5 in Stealth
  3882 | D:4      | Reached skill level 9 in Unarmed Combat
  3887 | D:4      | Reached XP level 8. HP: 34/34 MP: 9/9
  3953 | D:5      | Entered Level 5 of the Dungeon
  4189 | D:5      | Slain by a killer bee
  4190 | D:5      | Reached XP level 7. HP: -5/46 MP: 8/8
  4228 | D:5      | Reached skill level 10 in Unarmed Combat
  4462 | D:5      | Reached XP level 8. HP: 29/36 MP: 9/9
  4529 | D:5      | Noticed Grinder
  4535 | D:5      | Reached skill level 5 in Dodging
  4537 | D:5      | Killed Grinder
  4843 | D:6      | Reached **** piety under Trog
  4961 | D:6      | Killed from afar by an electric eel
  4962 | D:6      | Reached XP level 7. HP: -2/33 MP: 8/8
  4965 | D:6      | Found a sacrificial altar of Ru.
  5115 | D:6      | Killed from afar by an electric eel

Skill      XL: |  1  2  3  4  5  6  7  8 |
---------------+-------------------------+-----
Stealth        | 1 2 3 4 8 7 |  8.0
Unarmed Combat | 4 5 6 7 10 | 10.0
Fighting       | 4 |  4.7
Dodging        | 5 |  5.8

Action                   |  1- 3 |  4- 6 |  7- 9 || total
-------------------------+-------+-------+-------++-------
Melee: Unarmed           |    77 |   161 |   247 ||   485
       Bite              |     4 |    18 |    25 ||    47
       Punch             |       |     3 |    12 ||    15
Invok: Berserk           |     2 |     2 |     4 ||     8
       Trog's Hand       |       |     2 |     8 ||    10
  Use: Scroll            |       |       |    14 ||    14
       Potion            |       |       |     1 ||     1
 Stab: Sleeping          |     2 |     5 |    11 ||    18
  Eat: Chunk             |     9 |     6 |    19 ||    34
Armor: Skin              |     5 |     5 |     6 ||    16
Dodge: Dodged            |    64 |   104 |   165 ||   333
